 Dungeon Sprint DCSS version 0.18.1-50-g88ac8fd (webtiles) character file.

8261 lorenzova the Eclecticist (level 11, 0/54 HPs)
             Began as a Deep Elf Conjurer on Oct 17, 2016.
             Was the Champion of Sif Muna.
             Succumbed to Duvessa's curare-tipped needle
             ... in the Dungeon (Sprint III: "The Ten Rune Challenge").
             The game lasted 00:16:05 (2076 turns).

lorenzova the Eclecticist (Deep Elf Conjurer)       Turns: 2076, Time: 00:16:06

Health: 0/54       AC:  8    Str:  5    XL:     11   Next: 7%
Magic:  15/37      EV: 18    Int: 26    God:    Sif Muna [******]
Gold:   29         SH:  0    Dex: 17    Spells: 9 memorised, 13 levels left

rFire  + . .     SeeInvis .     u - +3 dagger (drain)
rCold  + + .     Gourm    .     y - +2 robe {rC+ rF+}
rNeg   . . .     Faith    .     (no shield)
rPois  .         Spirit   .     (no helmet)
rElec  .         Dismiss  .     (no cloak)
rCorr  .         Reflect  .     v - +2 pair of gloves
SustAt .         Harm     .     k - +0 pair of boots
MR     +....     NoTele   +     (no amulet)
Stlth  ++........               (no ring)
                                (no ring)

@: lethally poisoned (0 -> -32), slowed, delayed fireball, very slow, somewhat
resistant to hostile enchantments, unstealthy
A: agile 1, clever 1, cold resistance 1, evolution 1
a: Channel Energy, Forget Spell, Renounce Religion, Release Delayed Fireball


You were in the Dungeon.
You worshipped Sif Muna.
Sif Muna was exalted by your worship.
You were hungry.

You visited 1 branch You collected 29 gold pieces.

Inventory:

Hand Weapons
 j - a +0 dagger of venom
 u - a +3 dagger of draining (weapon)
Armour
 a - a +0 robe
 k - a +0 pair of boots (worn)
 v - a +2 pair of gloves (worn)
 y - a +2 robe of resistance (worn)
Wands
 w - a wand of teleportation (2/9)
Scrolls
 m - 2 scrolls of immolation {unknown}
 n - a scroll of amnesia {unknown}
 o - 3 scrolls of remove curse
 s - a scroll of enchant weapon {unknown}
Potions
 d - a potion of curing
 e - a potion of heal wounds
 f - a potion of haste
 g - a potion of magic
 h - a potion of berserk rage
 l - 2 potions of mutation
 q - 4 potions of cure mutation
 r - 2 potions of flight
Books
 b - a book of Conjurations

   Spells                             Type                      Level
   a - Magic Dart                     Conjuration                  1
   b - Searing Ray                    Conjuration                  2
   c - Dazzling Spray                 Conjuration/Hexes            3
   d - Fulminant Prism                Conjuration/Hexes            4
   e - Iskenderun's Mystic Blast      Conjuration                  4
   f - Iskenderun's Battlesphere      Conjuration/Charms           5
 t - a Necronomicon

   Spells                             Type                      Level
   a - Haunt                          Necromancy/Summoning         7
   b - Borgnjor's Revivification      Necromancy                   8
   c - Death's Door                   Charms/Necromancy            8
   d - Necromutation                  Transmutation/Necromancy     8
 z - a book of Fire

   Spells                             Type                      Level
   a - Ignite Poison                  Fire/Transmutation/Poison    3
   b - Fireball                       Conjuration/Fire             5
   c - Bolt of Fire                   Conjuration/Fire             6
   d - Delayed Fireball               Conjuration/Fire             7
   e - Ring of Flames                 Charms/Fire                  7
 A - Sif Muna's Catalogue of Too Many Cooks
   (Sif Muna gifted it to you in the Dungeon)

   Spells                             Type                      Level
   a - Summon Guardian Golem          Hexes/Summoning              3
   b - Recall                         Summoning/Translocation      3
   c - Summon Horrible Things         Summoning                    8
Miscellaneous
 x - a phantom mirror
Comestibles
 c - 3 bread rations
 p - a royal jelly


   Skills:
 + Level 8.2 Dodging
 - Level 2.4 Stealth
 * Level 20.2 Spellcasting
 * Level 17.9 Conjurations
 + Level 7.7 Charms
 * Level 7.5 Fire Magic
 - Level 4.3 Invocations
 - Level 5.1 Evocations


You had 13 spell levels left.
You knew the following spells:

 Your Spells              Type           Power        Failure   Level  Hunger
a - Magic Dart            Conj           ####         0%          1    None
b - Iskenderun's Battles  Conj/Chrm      #######.     1%          5    None
c - Iskenderun's Mystic   Conj           #######.     0%          4    None
d - Fulminant Prism       Conj/Hex       ######....   1%          4    None
e - Dazzling Spray        Conj/Hex       ######       1%          3    None
f - Fireball              Conj/Fire      #######...   1%          5    None
g - Bolt of Fire          Conj/Fire      #######...   1%          6    ##.....
h - Delayed Fireball      Conj/Fire      N/A          10%         7    ####...
i - Ring of Flames        Chrm/Fire      ######....   67%         7    ####...


Dungeon Overview and Level Annotations

Branches:
Dungeon (1/1)

Altars:
Cheibriados
Dithmenos
Elyvilon
Fedhas
Gozag
Kikubaaqudgha
Makhleb
Nemelex Xobeh
Okawaru
Pakellas
Qazlal
Ru
Sif Muna
Trog
Vehumet
Xom
Yredelemnul
Zin
The Shining One
Jiyva
Lugonu

Annotations:
D Duvessa


Innate Abilities, Weirdness & Mutations

You are agile. (Dex +2)
Your mind is acute. (Int +2)
Your flesh is cold resistant.
You evolve.


Message History

You kill Dowan!
Duvessa weeps, then rights herself and shakes her weapon.
Duvessa unwields an uncursed blowgun.
Duvessa wields an uncursed great sword of freezing.
It glows with a cold blue light!
Duvessa goes berserk!
Sif Muna grants you a gift!
Your Dodging skill increases to level 8!
Your Spellcasting skill increases to level 20!
Your Charms skill increases to level 7!
Your Fire Magic skill increases to level 7!
You have reached level 11!
Casting: Iskenderun's Mystic Blast
Confirm with . or Enter, or press ? or * to list all spells.
Aiming: Dazzling Spray
Press: ? - help, Shift-Dir - straight line, f - Duvessa
Aim: Duvessa, wielding a great sword of freezing (moderately wounded, berserk, fast, unusually strong)
The spray of energy hits Duvessa.
Duvessa is moderately wounded.
Duvessa is dazzled.
You die...

#+#####################
#....#.#.#.))..#......+
##.#).#.##.###.#...(..#
)##.#.#.##.#..##.(....#
#)..#..#..##..'(...(..#
▓▓▓▓▓▓▓▓▓▓▓▓▓▓#((.....#
........≈≈≈...#....(..#
≈≈≈≈≈≈≈≈≈≈♣♣P.'.(.....#
♣♣♣♣♣♣♣♣♣♣♣♣PP#(@.....#
♣♣♣##*###### .e. #.).#
#...# #####


You could see Duvessa (berserk) and a friendly battlesphere.

Vanquished Creatures
  Dowan (D)
  A dire elephant (D)
  Erolcha (D)
  A deep elf mage (D)
  2 elephants (D)
  2 spiny frogs (D)
  A rime drake (D)
  A komodo dragon (D)
  3 wandering mushrooms (D)
  5 blink frogs (D)
  2 redbacks (D)
  A shadow (D)
  2 hill giants (D)
  A spatial vortex (D)
  A swamp drake (D)
  A necrophage (D)
  3 two-headed ogres (D)
  A water elemental (D)
  A jelly (D)
  Jessica (D)
  A necromancer (D)
  A wizard (D)
  3 humans (D)
  A kobold demonologist (D)
  2 oozes (D)
  A phantom (D)
  A rat (D)
42 creatures vanquished.

Vanquished Creatures (others)
  2 draconian scorchers (D)
  2 yaktaurs (D)
  7 fulminant prisms (D)
  A plant (D)
12 creatures vanquished.

Grand Total: 54 creatures vanquished

Notes
Turn   | Place    | Note
--------------------------------------------------------------
     0 | D        | lorenzova the Deep Elf Conjurer began the quest for the Orb.
     0 | D        | Reached XP level 1. HP: 10/10 MP: 6/6
     6 | D        | Reached skill level 4 in Spellcasting
     6 | D        | Reached skill level 5 in Conjurations
    48 | D        | Killed a yaktaur
    65 | D        | Reached XP level 2. HP: 15/15 MP: 4/9
    88 | D        | Killed a yaktaur
   109 | D        | Noticed Jessica
   112 | D        | Killed Jessica
   112 | D        | Reached skill level 6 in Spellcasting
   112 | D        | Reached XP level 3. HP: 19/19 MP: 7/13
   148 | D        | Killed a white draconian scorcher
   171 | D        | Killed a white draconian scorcher
   182 | D        | Reached skill level 7 in Spellcasting
   280 | D        | Gained mutation: You have sharp toenails. [potion of mutation]
   280 | D        | Gained mutation: Your magical capacity is low (-10% MP). [potion of mutation]
   280 | D        | Gained mutation: You are dopey. (Int -2) [potion of mutation]
   281 | D        | Lost mutation: Your magical capacity is low (-10% MP). [potion of cure mutation]
   281 | D        | Lost mutation: You have sharp toenails. [potion of cure mutation]
   281 | D        | Lost mutation: You are dopey. (Int -2) [potion of cure mutation]
   282 | D        | Gained mutation: Your mind is acute. (Int +2) [potion of mutation]
   282 | D        | Gained mutation: You evolve. [potion of mutation]
   282 | D        | Gained mutation: Your flesh is cold resistant. [potion of mutation]
   311 | D        | Learned a level 3 spell: Dazzling Spray
   324 | D        | Noticed a water elemental
   331 | D        | Killed a water elemental
   331 | D        | Reached skill level 9 in Spellcasting
   331 | D        | Reached XP level 4. HP: 20/24 MP: 1/17
   438 | D        | Learned a level 4 spell: Iskenderun's Mystic Blast
   443 | D        | Learned a level 4 spell: Fulminant Prism
   454 | D        | Found a glowing silver altar of Zin.
   454 | D        | Found a glowing golden altar of the Shining One.
   454 | D        | Found a white marble altar of Elyvilon.
   455 | D        | Noticed a deep elf mage
   469 | D        | Killed a deep elf mage
   469 | D        | Reached skill level 13 in Spellcasting
   469 | D        | Reached XP level 5. HP: 28/28 MP: 9/23
   469 | D        | Reached XP level 6. HP: 32/32 MP: 9/24
   469 | D        | Reached XP level 7. HP: 36/36 MP: 9/26
   537 | D        | Gained mutation: You are agile. (Dex +2) [evolution]
   552 | D        | Found a radiant altar of Vehumet.
   552 | D        | Found a deep blue altar of Sif Muna.
   552 | D        | Found an ancient bone altar of Kikubaaqudgha.
   608 | D        | Became a worshipper of Sif Muna the Loreminder
   622 | D        | Learned a level 5 spell: Iskenderun's Battlesphere
   622 | D        | Found an iron altar of Okawaru.
   622 | D        | Found a bloodstained altar of Trog.
   622 | D        | Noticed a human
   624 | D        | Noticed a human
   625 | D        | Killed a human
   625 | D        | Reached * piety under Sif Muna
   625 | D        | Reached skill level 14 in Spellcasting
   627 | D        | Killed a human
   627 | D        | Reached ** piety under Sif Muna
   627 | D        | Reached skill level 15 in Spellcasting
   747 | D        | Found a basalt altar of Yredelemnul.
   747 | D        | Found a snail-covered altar of Cheibriados.
   747 | D        | Found a blossoming altar of Fedhas.
   807 | D        | Noticed a shadow
   811 | D        | Killed a shadow
   811 | D        | Reached *** piety under Sif Muna
   811 | D        | Reached XP level 8. HP: 41/41 MP: 17/29
   877 | D        | Found an oddly glowing altar of Pakellas.
   877 | D        | Found a stormy altar of Qazlal.
   877 | D        | Found a sacrificial altar of Ru.
   877 | D        | Found a burning altar of Makhleb.
   877 | D        | Found a shimmering altar of Xom.
   878 | D        | Found a viscous altar of Jiyva.
   878 | D        | Found a shadowy altar of Dithmenos.
   878 | D        | Found a sparkling altar of Nemelex Xobeh.
   878 | D        | Found a corrupted altar of Lugonu.
   878 | D        | Found an opulent altar of Gozag.
   882 | D        | Reached skill level 16 in Spellcasting
   951 | D        | Reached skill level 1 in Charms
   952 | D        | Reached skill level 1 in Evocations
  1011 | D        | Reached **** piety under Sif Muna
  1095 | D        | Noticed Erolcha
  1105 | D        | Killed Erolcha
  1105 | D        | Reached ***** piety under Sif Muna
  1105 | D        | Reached skill level 17 in Spellcasting
  1105 | D        | Reached skill level 15 in Conjurations
  1105 | D        | Reached skill level 5 in Charms
  1105 | D        | Reached XP level 9. HP: 45/45 MP: 3/32
  1226 | D        | Reached ****** piety under Sif Muna
  1226 | D        | Received a gift from Sif Muna
  1227 | D        | Identified Sif Muna's Catalogue of Too Many Cooks (Sif Muna gifted it to you in the Dungeon)
  1233 | D        | Reached skill level 5 in Evocations
  1270 | D        | Noticed a wandering mushroom
  1315 | D        | Killed a wandering mushroom
  1315 | D        | Reached skill level 1 in Invocations
  1355 | D        | Noticed a wandering mushroom
  1368 | D        | Killed a wandering mushroom
  1368 | D        | Reached skill level 18 in Spellcasting
  1408 | D        | Noticed a wandering mushroom
  1416 | D        | Killed a wandering mushroom
  1451 | D        | Noticed a spiny frog
  1451 | D        | Noticed a komodo dragon
  1451 | D        | Noticed a spiny frog
  1458 | D        | Killed a spiny frog
  1459 | D        | Killed a spiny frog
  1460 | D        | Killed a komodo dragon
  1460 | D        | Reached skill level 5 in Dodging
  1460 | D        | Reached XP level 10. HP: 9/50 MP: 5/34
  1722 | D        | Received a gift from Sif Muna
  1734 | D        | Learned a level 5 spell: Fireball
  1741 | D        | Learned a level 6 spell: Bolt of Fire
  1749 | D        | Learned a level 7 spell: Delayed Fireball
  1757 | D        | Learned a level 7 spell: Ring of Flames
  1769 | D        | Reached skill level 19 in Spellcasting
  1769 | D        | Reached skill level 1 in Fire Magic
  1824 | D        | Noticed an elephant
  1830 | D        | Noticed an elephant
  1831 | D        | Noticed a dire elephant
  1831 | D        | Killed an elephant
  1832 | D        | Killed an elephant
  1832 | D        | Received a gift from Sif Muna
  1832 | D        | Reached skill level 5 in Fire Magic
  1835 | D        | Noticed a dire elephant
  1836 | D        | Killed a dire elephant
  2072 | D        | Noticed Dowan
  2072 | D        | Noticed Duvessa
  2075 | D        | Killed Dowan
  2075 | D        | Received a gift from Sif Muna
  2075 | D        | Reached skill level 20 in Spellcasting
  2075 | D        | Reached XP level 11. HP: 4/54 MP: 18/37
  2076 | D        | Succumbed to Duvessa's curare-tipped needle

Skill      XL: |  1  2  3  4  5  6  7  8  9 10 |
---------------+-------------------------------+-----
Spellcasting   | 4 6 9 13 15 17 18 20 | 20.2
Conjurations   | 5 6 8 12 14 15 16 17 | 17.9
Charms         | 5 6 7 |  7.7
Evocations     | 4 5 |  5.1
Dodging        | 5 8 |  8.2
Invocations    | 3 4 |  4.3
Fire Magic     | 7 |  7.5
Stealth        | |  2.4

Action                   |  1- 3 |  4- 6 |  7- 9 | 10-12 || total
-------------------------+-------+-------+-------+-------++-------
 Cast: Magic Dart        |    24 |     1 |    31 |     9 ||    65
       Dazzling Spray    |     3 |       |     1 |     1 ||     5
       Fulminant Prism   |       |     1 |     4 |     2 ||     7
       Iskenderun's Myst |       |       |    23 |     5 ||    28
       Iskenderun's Batt |       |       |    14 |     4 ||    18
       Bolt of Fire      |       |       |       |     3 ||     3
       Fireball          |       |       |       |     2 ||     2
       Delayed Fireball  |       |       |       |     1 ||     1
  Use: Potion            |     3 |       |     1 |       ||     4
       Scroll            |       |       |       |     1 ||     1
  Eat: Chunk             |       |       |     1 |       ||     1
       Royal jelly       |       |       |       |     1 ||     1
Armor: Robe              |       |       |     1 |       ||     1
Dodge: Dodged            |     6 |       |    10 |     3 ||    19
